TOP OF THE 1ST |
Reading Rainbows batting - Pitching for Springfield Simpsons : RHP Alberto Parra
|
Pitching: RHP Alberto Parra
|
|
Batting: LHB Alfonso Ruíz
|
0-0: Ball 1-0: Fly out, F8 (Flyball, 8LS)
|
Batting: LHB Richard Henry
|
0-0: Ball 1-0: Ball 2-0: Called Strike 2-1: SINGLE (Groundball, 13) (infield hit)
|
Batting: RHB Dan Banks
|
0-0: Swinging Strike 0-1: Fielders Choice at 2nd, 1-6 (Groundball, 13S)
|
Batting: RHB Hubert Brown
|
Pickoff Throw to First - Error! E1 Dan Banks to second 0-0: Called Strike 0-1: Ball 1-1: Ball 2-1: Foul Ball, location: 2F 2-2: Ball 3-2: Base on Balls
|
Batting: RHB Albert Lutz
|
0-0: Called Strike 0-1: Ball 1-1: Called Strike 1-2: Ball 2-2: Foul Ball, location: 2F 2-2: SINGLE (Line Drive, 4M) Dan Banks to third Hubert Brown to second
|
Batting: LHB Shane Lynch
|
0-0: Ball 1-0: Ball 2-0: Swinging Strike 2-1: Ball 3-1: Foul Ball, location: 2F 3-2: Fly out, F9 (Line Drive, 89D)
|
Top of the 1st over - 0 run(s), 2 hit(s), 1 error(s), 3 left on base; Reading 0 - Springfield 0 |
BOTTOM OF THE 1ST |
Springfield Simpsons batting - Pitching for Reading Rainbows : LHP Tomás López
|
Pitching: LHP Tomás López
|
|
Batting: RHB Nick Harris
|
0-0: Ball 1-0: Ball 2-0: Called Strike 2-1: Foul Ball, location: 2F 2-2: Ball 3-2: Base on Balls
|
Batting: RHB Ken McDonald
|
0-0: Ball 1-0: Foul Ball, location: 2F 1-1: DOUBLE (Line Drive, 7LM) Nick Harris to third
|
Batting: SHB José Cruz
|
0-0: Called Strike 0-1: Ball 1-1: Ball 2-1: Foul Ball, location: 2F 2-2: Foul Ball, location: 2F 2-2: Foul Ball, location: 2F 2-2: Ground out 5-3 (Groundball, 56S) Nick Harris scores Ken McDonald to third
|
Batting: RHB Brant Sherman
|
0-0: Called Strike 0-1: Ball 1-1: Ball 2-1: Foul Ball, location: 2F 2-2: SINGLE (Groundball, 6D) Ken McDonald scores
|
Batting: RHB Gavin Downey
|
0-0: Ball 1-0: Called Strike 1-1: Ball Brant Sherman steals 2nd base 2-1: Ball 3-1: Foul Ball, location: 2F 3-2: Foul Ball, location: 2F 3-2: SINGLE (Line Drive, 8LS) Brant Sherman to third Runner from 3rd tries for Home, SAFE, no throw or cutoff
|
Batting: RHB Manny Ramírez
|
Pickoff Throw to First - Out! 0-0: Called Strike 0-1: SINGLE (Flyball, 9LS)
|
Batting: LHB Pedro Cerda
|
0-0: Ball 1-0: Ball 2-0: Ball 3-0: Called Strike 3-1: Called Strike 3-2: Foul Ball, location: 2F 3-2: Foul Ball, location: 2F 3-2: Strikes out swinging
|
Bottom of the 1st over - 3 run(s), 4 hit(s), 0 error(s), 1 left on base; Reading 0 - Springfield 3 |
TOP OF THE 2ND |
Reading Rainbows batting - Pitching for Springfield Simpsons : RHP Alberto Parra
|
Batting: RHB Von Ford
|
0-0: Foul Ball, location: 2F 0-1: Ball 1-1: Fly out, F8 (Flyball, 89D)
|
Batting: RHB Donald Sanford
|
0-0: Foul Ball, location: 2F 0-1: Ball 1-1: Ball 2-1: Foul Ball, location: 2F 2-2: Foul Ball, location: 2F 2-2: Ball 3-2: Foul Ball, location: 2F 3-2: Ground out 4-3 (Groundball, 4)
|
Batting: LHB Wally Coker
|
0-0: Foul Ball, location: 2F 0-1: Ball 1-1: Ball 2-1: Foul Ball, location: 2F 2-2: Fly out, F7 (Flyball, 7M)
|
Top of the 2nd over - 0 run(s), 0 hit(s), 0 error(s), 0 left on base; Reading 0 - Springfield 3 |
BOTTOM OF THE 2ND |
Springfield Simpsons batting - Pitching for Reading Rainbows : LHP Tomás López
|
Batting: RHB Esteban Salas
|
0-0: Ball 1-0: Foul Ball, location: 2F 1-1: Foul Ball, location: 2F 1-2: Ball 2-2: Ball 3-2: Fly out, F7 (Flyball, 7M)
|
Batting: RHB Valentín Ramírez
|
0-0: Called Strike 0-1: Ball 1-1: Ball 2-1: Ball 3-1: Called Strike 3-2: Foul Ball, location: 2F 3-2: Ground out 5-3 (Groundball, 56)
|
Batting: RHB Nick Harris
|
0-0: Ball 1-0: Ball 2-0: Ball 3-0: Called Strike 3-1: Base on Balls
|
Batting: RHB Ken McDonald
|
0-0: Called Strike 0-1: Fly out, F9 (Flyball, 9S)
|
Bottom of the 2nd over - 0 run(s), 0 hit(s), 0 error(s), 1 left on base; Reading 0 - Springfield 3 |
TOP OF THE 3RD |
Reading Rainbows batting - Pitching for Springfield Simpsons : RHP Alberto Parra
|
Batting: LHB Alfonso Ruíz
|
0-0: Called Strike 0-1: Ball 1-1: Ground out 5-3 (Groundball, 56)
|
Batting: LHB Richard Henry
|
0-0: Ground out 5-3 (Groundball, 56)
|
Batting: RHB Dan Banks
|
0-0: Ball 1-0: Fly out, F7 (Flyball, 78S)
|
Top of the 3rd over - 0 run(s), 0 hit(s), 0 error(s), 0 left on base; Reading 0 - Springfield 3 |
BOTTOM OF THE 3RD |
Springfield Simpsons batting - Pitching for Reading Rainbows : LHP Tomás López
|
Batting: SHB José Cruz
|
0-0: Fly out, F8 (Flyball, 8RXD)
|
Batting: RHB Brant Sherman
|
0-0: Ball 1-0: Ball 2-0: Fly out, F7 (Flyball, 7LSF)
|
Batting: RHB Gavin Downey
|
0-0: Ball 1-0: Foul Ball, location: 2F 1-1: Ball 2-1: Ground out 1-3 (Groundball, 13)
|
Bottom of the 3rd over - 0 run(s), 0 hit(s), 0 error(s), 0 left on base; Reading 0 - Springfield 3 |
TOP OF THE 4TH |
Reading Rainbows batting - Pitching for Springfield Simpsons : RHP Alberto Parra
|
Batting: RHB Hubert Brown
|
0-0: Ball 1-0: Ball 2-0: Swinging Strike 2-1: Foul Ball, location: 2F 2-2: Ground out 5-3 (Groundball, 56)
|
Batting: RHB Albert Lutz
|
0-0: Swinging Strike 0-1: Ball 1-1: Foul Ball, location: 2F 1-2: Ball 2-2: Ball 3-2: SINGLE (Groundball, 5D)
|
Batting: LHB Shane Lynch
|
0-0: Ball 1-0: Foul Ball, location: 2F 1-1: Ball 2-1: Fielders Choice at 2nd, 1-6 (Groundball, 15S)
|
Batting: RHB Von Ford
|
0-0: Ball 1-0: Fielders Choice at 2nd, 5-4 (Groundball, 56)
|
Top of the 4th over - 0 run(s), 1 hit(s), 0 error(s), 0 left on base; Reading 0 - Springfield 3 |
BOTTOM OF THE 4TH |
Springfield Simpsons batting - Pitching for Reading Rainbows : LHP Tomás López
|
Batting: RHB Manny Ramírez
|
0-0: Ball 1-0: Ball 2-0: SINGLE (Groundball, 56D)
|
Batting: LHB Pedro Cerda
|
0-0: Ball 1-0: Foul Ball, location: 2F 1-1: Foul Ball, location: 2F 1-2: Grounds into double play, 4-6-3 (Groundball, 4)
|
Batting: RHB Esteban Salas
|
0-0: DOUBLE (Line Drive, 7D)
|
Batting: RHB Valentín Ramírez
|
0-0: Called Strike 0-1: Ball 1-1: SINGLE (Groundball, 34) Esteban Salas to third Runner from 3rd tries for Home, throw and OUT!
|
Bottom of the 4th over - 0 run(s), 3 hit(s), 0 error(s), 1 left on base; Reading 0 - Springfield 3 |
TOP OF THE 5TH |
Reading Rainbows batting - Pitching for Springfield Simpsons : RHP Alberto Parra
|
Batting: RHB Donald Sanford
|
0-0: Foul Ball, location: 2F 0-1: Swinging Strike 0-2: Strikes out swinging
|
Batting: LHB Wally Coker
|
0-0: Called Strike 0-1: Ball 1-1: Ball 2-1: Ground out 6-3 (Groundball, 6)
|
Batting: LHB Alfonso Ruíz
|
0-0: Called Strike 0-1: Ground out 4-3 (Groundball, 4)
|
Top of the 5th over - 0 run(s), 0 hit(s), 0 error(s), 0 left on base; Reading 0 - Springfield 3 |
BOTTOM OF THE 5TH |
Springfield Simpsons batting - Pitching for Reading Rainbows : LHP Tomás López
|
Batting: RHB Nick Harris
|
0-0: Called Strike 0-1: Foul Ball, location: 2F 0-2: Fly out, F5 (Popup, 5SF)
|
Batting: RHB Ken McDonald
|
0-0: Called Strike 0-1: Ball 1-1: Called Strike 1-2: Fly out, F4 (Line Drive, 4)
|
Batting: SHB José Cruz
|
0-0: Foul Ball, location: 2F 0-1: Ball 1-1: Swinging Strike 1-2: Strikes out swinging
|
Bottom of the 5th over - 0 run(s), 0 hit(s), 0 error(s), 0 left on base; Reading 0 - Springfield 3 |
TOP OF THE 6TH |
Reading Rainbows batting - Pitching for Springfield Simpsons : RHP Alberto Parra
|
Batting: LHB Richard Henry
|
0-0: Called Strike 0-1: Foul Ball, location: 2F 0-2: Ball 1-2: Foul Ball, location: 2F 1-2: Foul Ball, location: 2F 1-2: Fly out, F8 (Flyball, 8LXD)
|
Batting: RHB Dan Banks
|
0-0: Ball 1-0: Ball 2-0: Swinging Strike 2-1: Foul Ball, location: 2F 2-2: Ground out 6-3 (Groundball, 6M)
|
Batting: RHB Hubert Brown
|
0-0: Called Strike 0-1: Ball 1-1: Ball 2-1: Swinging Strike 2-2: Fly out, F7 (Flyball, 7D)
|
Top of the 6th over - 0 run(s), 0 hit(s), 0 error(s), 0 left on base; Reading 0 - Springfield 3 |
BOTTOM OF THE 6TH |
Springfield Simpsons batting - Pitching for Reading Rainbows : LHP Tomás López
|
Batting: RHB Brant Sherman
|
0-0: Ball 1-0: Ball 2-0: Ball 3-0: Base on Balls
|
Pitching: LHP Don Carter
|
|
Batting: RHB Gavin Downey
|
0-0: Called Strike 0-1: Ball 1-1: Ball Throwing error on steal attempt, E2 Brant Sherman to third 2-1: Foul Ball, location: 2F 2-2: Foul Ball, location: 2F 2-2: Fly out, F6 (Line Drive, 56)
|
Batting: RHB Manny Ramírez
|
0-0: Called Strike Steal of home, Brant Sherman is safe 0-1: Fly out, F5 (Line Drive, 5)
|
Batting: LHB Pedro Cerda
|
0-0: Ball 1-0: Ball 2-0: Called Strike 2-1: Foul Ball, location: 2F 2-2: Ball 3-2: Strikes out looking
|
Bottom of the 6th over - 1 run(s), 0 hit(s), 1 error(s), 0 left on base; Reading 0 - Springfield 4 |
TOP OF THE 7TH |
Reading Rainbows batting - Pitching for Springfield Simpsons : RHP Alberto Parra
|
Pitching: LHP Rubén Rico
|
|
Batting: RHB Albert Lutz
|
0-0: Ball 1-0: Called Strike 1-1: Swinging Strike 1-2: Strikes out looking
|
Batting: LHB Shane Lynch
|
0-0: Ball 1-0: Called Strike 1-1: Fly out, F5 (Popup, 5F)
|
Batting: RHB Von Ford
|
0-0: Called Strike 0-1: Ball 1-1: Foul Ball, location: 2F 1-2: Ball 2-2: Foul Ball, location: 2F 2-2: Foul Ball, location: 2F 2-2: Ball 3-2: Foul Ball, location: 2F 3-2: Foul Ball, location: 2F 3-2: Base on Balls
|
Batting: RHB Donald Sanford
|
0-0: Ball 1-0: Ball 2-0: Called Strike 2-1: Fly out, F9 (Flyball, 9S)
|
Top of the 7th over - 0 run(s), 0 hit(s), 0 error(s), 1 left on base; Reading 0 - Springfield 4 |
BOTTOM OF THE 7TH |
Springfield Simpsons batting - Pitching for Reading Rainbows : LHP Don Carter
|
Batting: RHB Esteban Salas
|
0-0: Ball 1-0: Called Strike 1-1: Ball 2-1: Ball 3-1: Base on Balls
|
Batting: RHB Valentín Ramírez
|
0-0: Called Strike 0-1: Bunted foul 0-2: Fly out, F8 (Flyball, 8RS)
|
Batting: RHB Nick Harris
|
0-0: Called Strike 0-1: Ball 1-1: Called Strike 1-2: Ball 2-2: SINGLE (Line Drive, 56D) Esteban Salas to second
|
Batting: RHB Ken McDonald
|
0-0: Ground out 5-3 (Groundball, 6S) Esteban Salas to third Nick Harris to second
|
Batting: SHB José Cruz
|
0-0: Ball 1-0: Ground out 4-3 (Groundball, 4)
|
Bottom of the 7th over - 0 run(s), 1 hit(s), 0 error(s), 2 left on base; Reading 0 - Springfield 4 |
TOP OF THE 8TH |
Reading Rainbows batting - Pitching for Springfield Simpsons : LHP Rubén Rico
|
Batting: LHB Wally Coker
|
0-0: Ball 1-0: Swinging Strike 1-1: Fly out, F7 (Flyball, 7D)
|
Batting: LHB Alfonso Ruíz
|
0-0: Called Strike 0-1: Swinging Strike 0-2: Strikes out swinging
|
Batting: LHB Richard Henry
|
0-0: Ball 1-0: Called Strike 1-1: Foul Ball, location: 2F 1-2: SINGLE (Groundball, 13) (infield hit)
|
Batting: RHB Dan Banks
|
0-0: Called Strike 0-1: Ball 1-1: Ball 2-1: Fielders Choice at 2nd, 5-4 (Groundball, 56)
|
Top of the 8th over - 0 run(s), 1 hit(s), 0 error(s), 0 left on base; Reading 0 - Springfield 4 |
BOTTOM OF THE 8TH |
Springfield Simpsons batting - Pitching for Reading Rainbows : LHP Don Carter
|
Pitching: LHP Robby Hall
|
|
Batting: RHB Brant Sherman
|
0-0: Ball 1-0: Ball 2-0: Called Strike 2-1: Ball 3-1: Called Strike 3-2: Base on Balls
|
Batting: RHB Gavin Downey
|
Balk! Brant Sherman to second 0-0: Ball 1-0: Foul Ball, location: 2F 1-1: Ball 2-1: SINGLE (Line Drive, 9S) Brant Sherman to third
|
Batting: RHB Manny Ramírez
|
0-0: Called Strike 0-1: Fly out, F7 (Flyball, 7M) Runner from 3rd tags up, SCORES, no throw
|
Batting: LHB Pedro Cerda
|
0-0: Ball 1-0: Fly out, F7 (Flyball, 7M)
|
Batting: RHB Esteban Salas
|
0-0: Swinging Strike 0-1: SINGLE (Groundball, 5L) Gavin Downey to second
|
Batting: RHB Valentín Ramírez
|
0-0: Fly out, F3 (Line Drive, 3)
|
Bottom of the 8th over - 1 run(s), 2 hit(s), 0 error(s), 2 left on base; Reading 0 - Springfield 5 |
TOP OF THE 9TH |
Reading Rainbows batting - Pitching for Springfield Simpsons : LHP Rubén Rico
|
Pitching: LHP Alberto Martínez
|
|
Now at C: Kawanari Hara
|
|
Now at 2B: Gabriel Stout
|
|
Now at SS: Jorge García
|
|
Batting: RHB Hubert Brown
|
0-0: Called Strike 0-1: Called Strike 0-2: Strikes out swinging
|
Batting: RHB Albert Lutz
|
0-0: Ball 1-0: Ball 2-0: Ball 3-0: Base on Balls
|
Batting: LHB Shane Lynch
|
0-0: Called Strike 0-1: Foul Ball, location: 2F 0-2: Ball 1-2: Ball 2-2: SINGLE (Groundball, 34D) (infield hit) Albert Lutz to second
|
Batting: RHB Von Ford
|
0-0: Ball 1-0: Swinging Strike 1-1: Called Strike 1-2: Foul Ball, location: 2F 1-2: Foul Ball, location: 2F 1-2: Fly out, F8 (Line Drive, 8RM)
|
Batting: RHB Donald Sanford
|
0-0: Swinging Strike 0-1: Ball 1-1: Foul Ball, location: 2F 1-2: Strikes out looking
|
Top of the 9th over - 0 run(s), 1 hit(s), 0 error(s), 2 left on base; Reading 0 - Springfield 5 |
|